 Dungeon Crawl Stone Soup version 0.29.1-1-gd02db6906a (webtiles) character file.

Game seed: 7137873585405321024

422 Revguard the Trooper (level 6, -5/48 HPs)
             Began as a Demonspawn Fighter on Sept 19, 2022.
             Slain by an ogre
             ... wielding a +0 giant club
              (31 damage)
             ... on level 5 of the Dungeon.
             The game lasted 00:06:14 (2563 turns).

Revguard the Trooper (Demonspawn Fighter)           Turns: 2563, Time: 00:06:14

Health: -5/48      AC: 10    Str: 16    XL:     6   Next: 63%
Magic:  8/8        EV: 13    Int: 12    God:
Gold:   91         SH:  5    Dex: 14    Spells: 5/5 levels left

rFire   + . .      SeeInvis .   a - +0 long sword
rCold   + . .      Faith    .   c - +0 buckler
rNeg    . . .      Spirit   .   o - +4 ring mail "Nottur" {Will++ Int+2}
rPois   +          Reflect  .   (no helmet)
rElec   +          Harm     .   (no cloak)
rCorr   +          Rampage  .   (no gloves)
Will    ++...                   n - +0 pair of boots
Stlth   +.........              (no amulet)
HPRegen 0.16/turn               (no ring)
MPRegen 0.11/turn               (no ring)

@: mighty, resistant, very slow
A: repulsion field 1, demonic guardian 1
a: no special abilities


You were on level 5 of the Dungeon.
You visited 1 branch of the dungeon, and saw 4 of its levels.

You collected 91 gold pieces.

Inventory:

Hand Weapons
 a - a +0 long sword (weapon)
Armour
 c - a +0 buckler (worn)
 n - a +0 pair of boots (worn)
 o - the +4 ring mail "Nottur" (worn) {Will++ Int+2}
   (You found it on level 2 of the Dungeon)

   Int:       It affects your intelligence (+2).
   Will:      It greatly increases your willpower.
Jewellery
 e - a ring of positive energy
 k - a ring of magical power
 r - a +6 ring of intelligence
Scrolls
 h - a scroll of blinking {unknown}
 i - a scroll of fog {unknown}
 j - 2 scrolls of identify {unknown}
 q - a scroll of vulnerability {unknown}
Potions
 g - 2 potions of haste {unknown}
 l - a potion of heal wounds {unknown}
 m - a potion of brilliance {unknown}
 p - a potion of degeneration {unknown}


   Skills:
 * Level 4.1 Fighting
 + Level 2.8 Long Blades
 + Level 3.5 Armour
 + Level 2.2 Dodging
 + Level 3.4 Shields
 + Level 2.9 Invocations
 + Level 2.3 Evocations


You had 5 spell levels left.
You didn't know any spells.
Your spell library contained the following spells:

 Spells                   Type           Power      Damage    Failure   Level
 Gell's Gravitas          Tloc           0%         N/A       94%         3
 Stone Arrow              Conj/Erth      0%         3d7       94%         3
 Teleport Other           Tloc           0%         N/A       94%         3
 Animate Armour           Summ/Erth      0%         N/A       100%        4
 Dispersal                Tloc           0%         N/A       100%        6
 Lehudib's Crystal Spear  Conj/Erth      0%         10d2      100%        8


Dungeon Overview and Level Annotations

Branches:
Dungeon (3/15)

Altars:

Shops:
D:5 (


Innate Abilities, Weirdness & Mutations

You are surrounded by a mild repulsion field. (EV +2)
A weak demonic guardian rushes to your aid.


Message History

The river rat barely misses you.
Your unstable footing causes you to fumble your attack.
You block the river rat's attack.
You barely miss the river rat.
The river rat is severely wounded.
The river rat bites you but does no damage.
Your unstable footing causes you to fumble your attack.
The river rat barely misses you. You block the river rat's attack.
You hit the river rat but do no damage.
The river rat is severely wounded.
The river rat completely misses you.
The ogre shouts!
You slash the river rat!
You kill the river rat!
You hit the worm.
The worm is moderately wounded.
The ogre closely misses you.
You hit the worm but do no damage.
The worm is moderately wounded.
The worm splashes around in the water.
You barely miss the worm.
The worm is lightly wounded.
The ogre barely misses you. You block the worm's attack.
It was a potion of resistance.
You feel protected. The ogre closely misses you.
You feel very mighty all of a sudden. You block the worm's attack.
The ogre hits you with a +0 giant club.
You hit the ogre.
The ogre is lightly wounded.
The ogre hits you with a +0 giant club!!
The worm bites you but does no damage.
You slash the ogre!
The ogre is severely wounded.
Your unstable footing causes you to fumble your attack.
You block the ogre's attack. The worm closely misses you.
Your unstable footing causes you to fumble your attack.
The ogre hits you with a +0 giant club!!
Ouch! That really hurt!
You die...

#...................
#...................
#...................
#.................$.
#...................
#..?................
#...................
####....#######O##........
.......# ##@#........
.......# #w#........
.......# #.#........
.......# #~#........
.......# #~#..........
.......# #~#........=.
.......# #~#..........
.......# #~#..........
)......## ##..........


You could see an ogre and a worm.

Vanquished Creatures
  Sigmund (D:2)
  A black bear (D:5)
  A hound (D:2)
  An iguana (D:5)
  A gnoll (D:1)
  An adder (D:2)
  A river rat (D:5)
  A white imp (D:5)
  A dart slug (D:1)
  An orc (D:5)
  4 ball pythons
  4 bats
  3 endoplasms
  3 giant cockroaches (D:2)
  3 goblins (D:2)
  5 hobgoblins
  2 frilled lizards (D:2)
  5 kobolds
  2 rats
41 creatures vanquished.

Vanquished Creatures (collateral kills)
  An iguana (D:5)
  An adder (D:2)
  An ufetubus (D:5)
3 creatures vanquished.

Grand Total: 44 creatures vanquished

Notes
Turn   | Place    | Note
-------+----------+-------------------------------------------
     0 | D:1      | Revguard the Demonspawn Fighter began the quest for the
                  | Orb.
     0 | D:1      | Reached XP level 1. HP: 18/18 MP: 1/1
   122 | D:1      | Gained mutation: A weak demonic guardian rushes to your
                  | aid. [demonic ancestry]
   122 | D:1      | Reached XP level 2. HP: 6/24 MP: 2/2
   835 | D:2      | Reached skill level 1 in Invocations
   835 | D:2      | Gained mutation: You are surrounded by a mild repulsion
                  | field. (EV +2) [demonic ancestry]
   835 | D:2      | Reached XP level 3. HP: 26/29 MP: 3/3
  1071 | D:2      | Reached skill level 1 in Dodging
  1071 | D:2      | Reached skill level 1 in Evocations
  1228 | D:2      | Reached XP level 4. HP: 35/35 MP: 5/5
  1232 | D:2      | Identified the +4 ring mail "Nottur" {Will++ Int+2}
  1331 | D:2      | Found a faded altar of an unknown god.
  1442 | D:2      | Noticed Sigmund
  1455 | D:2      | Killed Sigmund
  1456 | D:2      | Reached XP level 5. HP: 34/42 MP: 6/6
  2021 | D:3      | You fall into a shaft and drop 2 floors!
  2021 | D:5      | Entered Level 5 of the Dungeon
  2022 | D:5      | Found Hegrem's Antique Weapon Emporium.
  2046 | D:5      | Reached XP level 6. HP: 46/48 MP: 7/7
  2070 | D:5      | Reached skill level 4 in Fighting
  2563 | D:5      | Slain by an ogre

Illustrated notes

Levels and vault maps discovered:
D:1:      dpeg_arrival_chambers_temple_mockup, layout_rooms,
          minmay_misc_feat_tiny, amcnicky_mini_rare_corridor_liquid
D:2:      layout_basic, hellmonk_ecumenical_altar_pennies_from_heaven,
          uniq_sigmund
D:3:      layout_loops_ring, corner_web_ring, kennysheep_generic_room_16
D:5:      layout_basic, serial_shops, nicolae_shop_hallway_plus,
          gup_sewer_entry_spiral, small_statue_alley_b, uniq_crazy_yiuf_cottage

Skill      XL: |  1  2  3  4  5  6 |
---------------+-------------------+-----
Long Blades    | 2 |  2.8
Invocations    | 1 2 |  2.9
Armour         | 3 |  3.5
Dodging        | 1 2 |  2.2
Evocations     | 1 2 |  2.3
Shields        | 3 |  3.4
Fighting       | 4 |  4.1

Action                   |  1- 3 |  4- 6 || total
-------------------------+-------+-------++-------
Melee: Long sword        |    57 |   109 ||   166
  Use: Potion            |       |     2 ||     2
       Scroll            |       |     1 ||     1
Armor: Scale mail        |    33 |       ||    33
       Ring mail         |       |    48 ||    48
Dodge: Dodged            |    30 |    89 ||   119
Block: Buckler           |    11 |    40 ||    51
